[ PARTIDA AOE2 · #470640687 ]
Team RMJaponeses vs Bohemians
[ ANÁLISIS DE REPETICIÓN · EXTRAÍDO DE LA PARTIDA GRABADA ]
Feudal
12:45
Castillos
16:50
Imperial
29:39
| APM promedio | 11.7 |
| APM pico | 26 |
| eAPM promedio | 9.6 |
| Aldeanos / militares | 57 / 90 |
Foco
⚔️ 46.1% · 🌾 53.9%
Samurai ×81 · Unknown (1260) ×11 · Battering Ram ×5 · Trebuchet (Packed) ×3 · Monk ×1
Feudal
13:24
Castillos
18:04
Imperial
32:59
| APM promedio | 16.3 |
| APM pico | 53 |
| eAPM promedio | 9.0 |
| Aldeanos / militares | 110 / 52 |
Foco
⚔️ 17.5% · 🌾 82.5%
Hand Cannoneer ×38 · Hussite Wagon ×13 · Bombard Cannon ×1
Feudal
12:16
Castillos
28:20
Imperial
—
| APM promedio | 13.4 |
| APM pico | 87 |
| eAPM promedio | 9.1 |
| Aldeanos / militares | 71 / 11 |
Foco
⚔️ 16.8% · 🌾 83.2%
Scout Cavalry ×7 · Spearman ×4
Feudal
10:28
Castillos
17:18
Imperial
26:03
| APM promedio | 18.6 |
| APM pico | 48 |
| eAPM promedio | 13.4 |
| Aldeanos / militares | 94 / 54 |
Foco
⚔️ 31.1% · 🌾 68.9%
Knight ×31 · Unknown (1260) ×11 · Steppe Lancer ×7 · Scout Cavalry ×5 · Monk ×3 · Camel Scout ×2
Feudal
—
Castillos
—
Imperial
—
| APM promedio | 10.1 |
| APM pico | 46 |
| eAPM promedio | 8.8 |
| Aldeanos / militares | 102 / 28 |
Foco
⚔️ 24.4% · 🌾 75.6%
Spearman ×13 · Knight ×10 · Skirmisher ×5
Feudal
13:31
Castillos
23:51
Imperial
39:06
| APM promedio | 12.0 |
| APM pico | 32 |
| eAPM promedio | 10.6 |
| Aldeanos / militares | 108 / 59 |
Foco
⚔️ 16.0% · 🌾 84.0%
Huskarl ×59 · Trade Cart ×19 · Unknown (1260) ×2
Mapa de la partida
Recursos al inicio + cada clic de construcción. Línea gruesa = muro · recuadro discontinuo = muro de casas detectado. 🟡 oro · ⚪ piedra · 🟢 bayas · 🔶 jabalí · ⭕ reliquia
Inputs por minuto
— 07jriley - - 圖表大師
Build order — 07jriley
Primeras 150 de 252 acciones detectadas
| 0:07 | Construir | House |
| 0:12 | Crear | Villager (Male) |
| 0:12 | Crear | Villager (Male) |
| 0:12 | Crear | Villager (Male) |
| 0:12 | Crear | Villager (Male) |
| 0:13 | Crear | Villager (Male) |
| 1:03 | Construir | House |
| 1:38 | Construir | House |
| 1:41 | Crear | Villager (Male) |
| 1:41 | Crear | Villager (Male) |
| 2:19 | Crear | Villager (Male) |
| 2:46 | Crear | Villager (Male) |
| 3:24 | Crear | Villager (Male) |
| 3:25 | Crear | Villager (Male) |
| 3:55 | Construir | Mill |
| 4:30 | Crear | Villager (Male) |
| 5:34 | Crear | Villager (Male) |
| 6:08 | Crear | Villager (Male) |
| 6:09 | Crear | Villager (Male) |
| 6:16 | Construir | Farm |
| 6:21 | Construir | Farm |
| 6:47 | Construir | House |
| 7:09 | Construir | Lumber Camp |
| 7:14 | Crear | Villager (Male) |
| 7:15 | Crear | Villager (Male) |
| 7:45 | Construir | Farm |
| 8:10 | Construir | Farm |
| 8:12 | Crear | Villager (Male) |
| 8:12 | Crear | Villager (Male) |
| 8:59 | Crear | Villager (Male) |
| 9:17 | Construir | House |
| 9:33 | Construir | Farm |
| 9:35 | Crear | Villager (Male) |
| 10:08 | Construir | Farm |
| 10:10 | Crear | Villager (Male) |
| 10:27 | Investigar | Feudal Age |
| 10:40 | Construir | Farm |
| 11:51 | Crear | Villager (Male) |
| 11:51 | Crear | Villager (Male) |
| 11:51 | Crear | Villager (Male) |
| 12:45 | Edad | Edad Feudal |
| 12:51 | Construir | Blacksmith |
| 12:55 | Construir | Market |
| 13:16 | Construir | Farm |
| 13:40 | Construir | Mining Camp |
| 13:46 | Construir | Farm |
| 14:06 | Construir | Mining Camp |
| 14:10 | Investigar | Castle Age |
| 14:14 | Investigar | Stone Mining |
| 14:45 | Construir | House |
| 14:48 | Construir | House |
| 14:53 | Construir | House |
| 15:03 | Investigar | Gold Mining |
| 16:00 | Investigar | Double-Bit Axe |
| 16:08 | Construir | House |
| 16:13 | Construir | Palisade Wall |
| 16:31 | Investigar | Fletching |
| 16:43 | Crear | Villager (Male) |
| 16:43 | Crear | Villager (Male) |
| 16:43 | Crear | Villager (Male) |
| 16:44 | Crear | Villager (Male) |
| 16:50 | Edad | Edad de los Castillos |
| 16:59 | Construir | Town Center |
| 17:18 | Construir | Farm |
| 17:49 | Crear | Villager (Male) |
| 18:03 | Crear | Villager (Male) |
| 18:04 | Crear | Villager (Male) |
| 18:05 | Crear | Villager (Male) |
| 18:19 | Construir | Castle |
| 18:26 | Investigar | Gold Shaft Mining |
| 18:28 | Crear | Villager (Male) |
| 18:29 | Crear | Villager (Male) |
| 18:45 | Construir | Farm |
| 19:02 | Investigar | Horse Collar |
| 19:10 | Construir | Farm |
| 19:20 | Crear | Villager (Male) |
| 19:31 | Construir | Farm |
| 19:41 | Crear | Villager (Male) |
| 19:42 | Crear | Villager (Male) |
| 19:55 | Construir | Farm |
| 20:16 | Crear | Samurai |
| 20:17 | Crear | Samurai |
| 20:17 | Crear | Samurai |
| 20:17 | Crear | Samurai |
| 20:17 | Crear | Samurai |
| 20:18 | Crear | Samurai |
| 20:18 | Crear | Samurai |
| 20:18 | Crear | Samurai |
| 20:26 | Construir | Farm |
| 20:35 | Crear | Villager (Male) |
| 20:41 | Crear | Villager (Male) |
| 21:06 | Crear | Villager (Male) |
| 21:16 | Construir | Farm |
| 21:20 | Investigar | Forging |
| 21:25 | Crear | Villager (Male) |
| 21:33 | Crear | Samurai |
| 22:03 | Investigar | Wheelbarrow |
| 22:12 | Construir | Farm |
| 22:14 | Crear | Villager (Male) |
| 22:15 | Crear | Villager (Male) |
| 22:26 | Construir | Barracks |
| 22:42 | Investigar | Scale Mail Armor |
| 22:49 | Construir | Farm |
| 22:52 | Crear | Villager (Male) |
| 22:52 | Crear | Villager (Male) |
| 22:59 | Crear | Villager (Male) |
| 23:15 | Investigar | Squires |
| 23:22 | Construir | Mill |
| 23:50 | Construir | Farm |
| 23:53 | Crear | Villager (Male) |
| 23:53 | Crear | Villager (Male) |
| 24:00 | Construir | Farm |
| 24:04 | Investigar | Heavy Plow |
| 24:24 | Construir | Farm |
| 24:29 | Crear | Villager (Male) |
| 24:30 | Crear | Villager (Male) |
| 24:34 | Crear | Villager (Male) |
| 24:35 | Crear | Villager (Male) |
| 24:51 | Construir | Farm |
| 25:28 | Construir | University |
| 25:34 | Investigar | Hand Cart |
| 25:38 | Construir | Farm |
| 25:42 | Investigar | Town Watch |
| 25:50 | Construir | Lumber Camp |
| 26:07 | Construir | Castle |
| 26:22 | Investigar | Imperial Age |
| 26:31 | Construir | Farm |
| 26:39 | Investigar | Treadmill Crane |
| 27:01 | Investigar | Masonry |
| 27:08 | Investigar | Guard Tower (upgrade) |
| 27:22 | Investigar | Chain Mail Armor |
| 27:52 | Construir | Monastery |
| 27:57 | Construir | Siege Workshop |
| 28:02 | Crear | Samurai |
| 28:03 | Crear | Samurai |
| 28:03 | Crear | Samurai |
| 28:03 | Crear | Samurai |
| 28:03 | Crear | Samurai |
| 28:04 | Crear | Samurai |
| 28:04 | Crear | Samurai |
| 28:04 | Crear | Samurai |
| 28:04 | Crear | Samurai |
| 28:05 | Crear | Samurai |
| 28:11 | Investigar | Iron Casting |
| 28:21 | Crear | Monk |
| 28:34 | Investigar | Yasama |
| 28:56 | Construir | Mining Camp |
| 29:01 | Crear | Battering Ram |
| 29:02 | Crear | Battering Ram |
| 29:13 | Investigar | Bodkin Arrow |
Build order — 圖表大師
Primeras 150 de 188 acciones detectadas
| 0:07 | Construir | House |
| 0:08 | Construir | House |
| 0:14 | Crear | Villager (Male) ×4 |
| 0:41 | Construir | House |
| 0:42 | Construir | House |
| 1:50 | Crear | Villager (Male) |
| 1:50 | Crear | Villager (Male) |
| 2:21 | Crear | Villager (Male) |
| 2:37 | Crear | Villager (Male) |
| 2:38 | Crear | Villager (Male) |
| 3:10 | Crear | Villager (Male) |
| 3:24 | Crear | Villager (Male) |
| 3:55 | Crear | Villager (Male) |
| 3:55 | Crear | Villager (Male) |
| 4:07 | Crear | Villager (Male) |
| 4:07 | Crear | Villager (Male) |
| 4:50 | Investigar | Loom |
| 5:20 | Crear | Villager (Male) |
| 5:20 | Crear | Villager (Male) |
| 5:20 | Crear | Villager (Male) |
| 5:20 | Crear | Villager (Male) |
| 6:18 | Crear | Villager (Male) |
| 6:18 | Crear | Villager (Male) |
| 6:40 | Construir | Mill |
| 7:15 | Crear | Villager (Male) |
| 7:30 | Construir | Mining Camp |
| 7:41 | Construir | House |
| 7:43 | Construir | House |
| 7:56 | Crear | Villager (Male) |
| 7:56 | Crear | Villager (Male) |
| 8:42 | Construir | Mill |
| 8:48 | Crear | Villager (Male) |
| 8:48 | Crear | Villager (Male) |
| 9:22 | Construir | Lumber Camp |
| 9:29 | Crear | Villager (Male) |
| 10:03 | Crear | Villager (Male) |
| 10:33 | Crear | Villager (Male) |
| 11:14 | Investigar | Feudal Age |
| 12:57 | Construir | Mill |
| 13:11 | Crear | Villager (Male) |
| 13:11 | Crear | Villager (Male) |
| 13:24 | Edad | Edad Feudal |
| 13:57 | Construir | Market |
| 14:08 | Investigar | Double-Bit Axe |
| 14:08 | Investigar | Double-Bit Axe |
| 14:13 | Crear | Villager (Male) |
| 14:41 | Investigar | Horse Collar |
| 14:47 | Construir | Blacksmith |
| 15:02 | Construir | Farm |
| 15:02 | Construir | Farm |
| 15:03 | Construir | Farm |
| 15:03 | Construir | Farm |
| 15:03 | Construir | Farm |
| 15:04 | Construir | Farm |
| 15:04 | Construir | Farm |
| 15:04 | Construir | Farm |
| 15:06 | Construir | Farm |
| 15:06 | Construir | Farm |
| 15:24 | Investigar | Castle Age |
| 15:38 | Construir | Farm |
| 15:39 | Construir | Farm |
| 16:07 | Construir | Farm |
| 16:27 | Construir | Mining Camp |
| 18:04 | Edad | Edad de los Castillos |
| 18:13 | Construir | Town Center |
| 18:20 | Investigar | Heavy Plow |
| 18:26 | Crear | Villager (Male) |
| 18:27 | Crear | Villager (Male) |
| 18:27 | Crear | Villager (Male) |
| 18:27 | Crear | Villager (Male) |
| 19:28 | Crear | Villager (Male) |
| 19:28 | Crear | Villager (Male) |
| 19:29 | Crear | Villager (Male) |
| 19:29 | Crear | Villager (Male) |
| 19:38 | Investigar | Bow Saw |
| 20:11 | Construir | Castle |
| 20:16 | Crear | Villager (Male) |
| 20:16 | Crear | Villager (Male) |
| 20:16 | Crear | Villager (Male) |
| 20:17 | Crear | Villager (Male) |
| 20:28 | Construir | House |
| 20:30 | Construir | House |
| 21:13 | Construir | House |
| 21:14 | Construir | House |
| 21:25 | Crear | Villager (Male) |
| 21:25 | Crear | Villager (Male) |
| 22:21 | Construir | Town Center |
| 22:28 | Investigar | Wheelbarrow |
| 22:34 | Crear | Villager (Male) ×5 |
| 22:41 | Construir | Farm |
| 22:41 | Construir | Farm |
| 22:42 | Construir | Farm |
| 22:42 | Construir | Farm |
| 22:42 | Construir | Farm |
| 22:43 | Construir | Farm |
| 22:43 | Construir | Farm |
| 23:02 | Construir | Barracks |
| 23:58 | Investigar | Town Watch |
| 24:00 | Crear | Villager (Male) ×5 |
| 24:18 | Construir | Farm |
| 24:19 | Construir | Farm |
| 24:19 | Construir | Farm |
| 24:19 | Construir | Farm |
| 24:19 | Construir | Farm |
| 24:30 | Investigar | Town Patrol |
| 24:42 | Construir | University |
| 24:45 | Crear | Villager (Male) ×2 |
| 25:00 | Crear | Hussite Wagon ×2 |
| 25:43 | Construir | Castle |
| 25:49 | Crear | Villager (Male) ×5 |
| 25:58 | Crear | Hussite Wagon |
| 25:58 | Crear | Hussite Wagon |
| 26:05 | Investigar | Ballistics |
| 26:25 | Crear | Villager (Male) ×5 |
| 26:56 | Construir | Lumber Camp |
| 27:03 | Investigar | Chemistry |
| 27:16 | Crear | Villager (Male) ×5 |
| 27:25 | Crear | Villager (Male) |
| 27:46 | Crear | Villager (Male) ×4 |
| 27:59 | Construir | Town Center |
| 28:09 | Construir | Mining Camp |
| 28:25 | Crear | Hussite Wagon |
| 28:25 | Crear | Hussite Wagon |
| 28:40 | Investigar | Fletching |
| 28:41 | Investigar | Padded Archer Armor |
| 29:21 | Construir | Farm |
| 29:21 | Construir | Farm |
| 29:21 | Construir | Farm |
| 29:22 | Construir | Farm |
| 29:22 | Construir | Farm |
| 29:22 | Construir | Farm |
| 29:22 | Construir | Farm |
| 29:23 | Construir | Farm |
| 29:24 | Construir | Farm |
| 29:24 | Construir | Farm |
| 29:25 | Construir | Farm |
| 29:25 | Construir | Farm |
| 29:25 | Construir | Farm |
| 29:26 | Construir | Farm |
| 29:49 | Investigar | Imperial Age |
| 30:02 | Construir | Siege Workshop |
| 30:06 | Construir | Siege Workshop |
| 30:18 | Crear | Villager (Male) ×4 |
| 30:43 | Crear | Villager (Male) ×5 |
| 31:14 | Investigar | Masonry |
| 31:18 | Investigar | Murder Holes |
| 32:10 | Crear | Hussite Wagon |
| 32:10 | Crear | Hussite Wagon |
| 32:59 | Edad | Edad Imperial |
| 33:12 | Crear | Hussite Wagon ×5 |
Build order — tbogwald
150 acciones detectadas en el replay
| 0:02 | Crear | Villager (Male) |
| 0:02 | Crear | Villager (Male) |
| 0:04 | Construir | House |
| 0:07 | Construir | House |
| 0:17 | Crear | Villager (Male) |
| 0:18 | Crear | Villager (Male) |
| 1:47 | Crear | Villager (Male) |
| 2:08 | Crear | Villager (Male) |
| 2:21 | Crear | Villager (Male) |
| 2:21 | Crear | Villager (Male) |
| 3:02 | Crear | Villager (Male) |
| 3:03 | Crear | Villager (Male) |
| 3:19 | Crear | Villager (Male) |
| 3:57 | Crear | Villager (Male) |
| 4:16 | Crear | Villager (Male) |
| 4:57 | Crear | Villager (Male) |
| 4:57 | Crear | Villager (Male) |
| 5:04 | Construir | House |
| 5:05 | Construir | House |
| 5:09 | Investigar | Loom |
| 5:10 | Crear | Villager (Male) |
| 6:00 | Crear | Villager (Male) |
| 6:04 | Crear | Villager (Male) |
| 6:50 | Crear | Villager (Male) |
| 6:56 | Construir | Mill |
| 7:05 | Crear | Villager (Male) |
| 7:42 | Crear | Villager (Male) |
| 8:01 | Crear | Villager (Male) |
| 8:14 | Crear | Villager (Male) |
| 9:03 | Construir | Lumber Camp |
| 10:06 | Investigar | Feudal Age |
| 10:45 | Construir | House |
| 10:47 | Construir | House |
| 10:48 | Construir | House |
| 10:54 | Crear | Villager (Male) |
| 11:02 | Construir | Barracks |
| 11:03 | Construir | Mining Camp |
| 11:23 | Crear | Villager (Male) |
| 12:16 | Edad | Edad Feudal |
| 12:19 | Construir | Mining Camp |
| 12:23 | Crear | Villager (Male) |
| 12:25 | Investigar | Double-Bit Axe |
| 12:39 | Investigar | Horse Collar |
| 13:10 | Construir | Farm |
| 13:14 | Crear | Villager (Male) |
| 13:36 | Construir | Farm |
| 13:54 | Crear | Villager (Male) |
| 13:58 | Construir | Farm |
| 14:09 | Crear | Villager (Male) |
| 14:25 | Construir | Farm |
| 14:40 | Crear | Villager (Male) |
| 14:48 | Construir | Farm |
| 14:51 | Crear | Villager (Male) |
| 15:02 | Construir | Blacksmith |
| 15:14 | Construir | Farm |
| 15:16 | Crear | Villager (Male) |
| 15:23 | Construir | Stable |
| 15:28 | Crear | Villager (Male) |
| 15:40 | Construir | Farm |
| 15:44 | Crear | Villager (Male) |
| 16:05 | Construir | Watch Tower |
| 16:15 | Construir | Farm |
| 16:24 | Crear | Villager (Male) |
| 16:32 | Construir | Farm |
| 16:35 | Crear | Villager (Male) |
| 16:44 | Investigar | Fletching |
| 16:58 | Construir | Farm |
| 17:25 | Construir | Farm |
| 17:27 | Crear | Villager (Male) |
| 17:38 | Crear | Villager (Male) |
| 17:49 | Construir | Farm |
| 17:58 | Crear | Villager (Male) |
| 18:13 | Construir | Farm |
| 18:17 | Crear | Villager (Male) |
| 18:21 | Construir | Farm |
| 18:23 | Construir | Farm |
| 18:25 | Construir | Farm |
| 18:27 | Construir | Farm |
| 18:29 | Construir | Farm |
| 18:47 | Construir | Farm |
| 18:57 | Investigar | Bloodlines |
| 19:08 | Investigar | Forging |
| 19:13 | Crear | Villager (Male) |
| 19:15 | Crear | Villager (Male) |
| 19:26 | Crear | Villager (Male) |
| 19:33 | Investigar | Scale Barding Armor |
| 19:37 | Crear | Scout Cavalry |
| 19:38 | Crear | Scout Cavalry |
| 19:57 | Crear | Villager (Male) |
| 20:35 | Crear | Villager (Male) |
| 20:35 | Crear | Villager (Male) |
| 20:46 | Crear | Scout Cavalry |
| 20:49 | Crear | Scout Cavalry |
| 21:37 | Crear | Scout Cavalry |
| 21:38 | Crear | Scout Cavalry |
| 21:38 | Crear | Scout Cavalry |
| 22:35 | Crear | Spearman |
| 22:36 | Crear | Spearman |
| 22:36 | Crear | Spearman |
| 22:36 | Crear | Spearman |
| 22:42 | Investigar | Scale Mail Armor |
| 23:37 | Crear | Villager (Male) |
| 23:38 | Crear | Villager (Male) |
| 25:01 | Construir | Farm |
| 25:03 | Construir | Farm |
| 25:05 | Construir | Farm |
| 25:07 | Construir | Farm |
| 25:11 | Construir | Farm |
| 25:15 | Construir | Farm |
| 25:19 | Construir | Farm |
| 25:22 | Construir | Farm |
| 25:40 | Investigar | Castle Age |
| 27:01 | Investigar | Gold Mining |
| 28:20 | Edad | Edad de los Castillos |
| 28:26 | Investigar | Iron Casting |
| 30:22 | Investigar | Town Watch |
| 33:18 | Construir | Castle |
| 35:15 | Construir | Castle |
| 37:39 | Construir | Lumber Camp |
| 38:00 | Construir | Town Center |
| 38:05 | Construir | Farm |
| 38:07 | Construir | Farm |
| 38:08 | Construir | Farm |
| 38:10 | Construir | Farm |
| 38:12 | Construir | Farm |
| 38:43 | Construir | Farm |
| 39:26 | Crear | Villager (Male) |
| 39:26 | Crear | Villager (Male) |
| 39:26 | Crear | Villager (Male) |
| 39:26 | Crear | Villager (Male) |
| 39:26 | Crear | Villager (Male) |
| 39:27 | Crear | Villager (Male) |
| 39:27 | Crear | Villager (Male) |
| 39:27 | Crear | Villager (Male) |
| 39:28 | Crear | Villager (Male) |
| 39:28 | Crear | Villager (Male) |
| 39:28 | Crear | Villager (Male) |
| 39:28 | Crear | Villager (Male) |
| 39:29 | Crear | Villager (Male) |
| 39:29 | Crear | Villager (Male) |
| 39:29 | Crear | Villager (Male) |
| 39:29 | Crear | Villager (Male) |
| 40:30 | Construir | Lumber Camp |
| 40:39 | Crear | Villager (Male) |
| 40:39 | Crear | Villager (Male) |
| 40:39 | Crear | Villager (Male) |
| 41:06 | Crear | Villager (Male) |
| 41:07 | Crear | Villager (Male) |
| 41:47 | Crear | Villager (Male) |
| 41:48 | Crear | Villager (Male) |
Build order — abralv
Primeras 150 de 307 acciones detectadas
| 0:08 | Crear | Villager (Male) |
| 0:09 | Crear | Villager (Male) |
| 0:09 | Crear | Villager (Male) |
| 0:09 | Crear | Villager (Male) |
| 0:35 | Construir | House |
| 0:36 | Construir | House |
| 1:48 | Investigar | Loom |
| 2:27 | Crear | Villager (Male) |
| 2:57 | Crear | Villager (Male) |
| 3:44 | Crear | Villager (Male) |
| 3:45 | Crear | Villager (Male) |
| 4:30 | Construir | House |
| 4:45 | Crear | Villager (Male) |
| 4:46 | Crear | Villager (Male) |
| 5:24 | Crear | Villager (Male) |
| 5:24 | Crear | Villager (Male) |
| 5:25 | Crear | Villager (Male) |
| 5:25 | Crear | Villager (Male) |
| 5:38 | Construir | Mill |
| 6:21 | Construir | Lumber Camp |
| 7:11 | Crear | Villager (Male) |
| 7:11 | Crear | Villager (Male) |
| 7:25 | Construir | House |
| 8:18 | Investigar | Feudal Age |
| 9:05 | Crear | Villager (Male) |
| 9:18 | Construir | Farm |
| 9:19 | Construir | Farm |
| 9:20 | Construir | Farm |
| 9:22 | Construir | Farm |
| 9:23 | Construir | Farm |
| 9:25 | Construir | Farm |
| 9:26 | Construir | Farm |
| 10:05 | Construir | Farm |
| 10:07 | Construir | Farm |
| 10:19 | Construir | House |
| 10:22 | Construir | House |
| 10:28 | Edad | Edad Feudal |
| 10:34 | Crear | Villager (Male) |
| 10:35 | Crear | Villager (Male) |
| 10:36 | Crear | Villager (Male) |
| 10:42 | Investigar | Double-Bit Axe |
| 10:57 | Investigar | Horse Collar |
| 11:21 | Construir | Barracks |
| 11:33 | Construir | Farm |
| 11:53 | Crear | Villager (Male) |
| 12:15 | Construir | Blacksmith |
| 12:25 | Crear | Villager (Male) |
| 12:53 | Crear | Villager (Male) |
| 13:04 | Construir | Market |
| 13:09 | Crear | Villager (Male) |
| 13:31 | Crear | Villager (Male) |
| 13:57 | Crear | Villager (Male) |
| 14:19 | Construir | Town Center |
| 14:22 | Investigar | Castle Age |
| 15:34 | Construir | Stable |
| 15:39 | Construir | House |
| 15:43 | Construir | House |
| 16:05 | Investigar | Wheelbarrow |
| 16:06 | Investigar | Town Watch |
| 16:19 | Investigar | Scale Barding Armor |
| 16:20 | Investigar | Forging |
| 16:28 | Investigar | Bloodlines |
| 16:32 | Crear | Scout Cavalry |
| 16:32 | Crear | Scout Cavalry |
| 16:32 | Crear | Scout Cavalry |
| 16:42 | Construir | Farm |
| 16:42 | Construir | Farm |
| 16:43 | Construir | Farm |
| 16:43 | Construir | Farm |
| 16:43 | Construir | Farm |
| 16:44 | Construir | Farm |
| 16:44 | Construir | Farm |
| 16:44 | Construir | Farm |
| 16:51 | Crear | Villager (Male) |
| 16:52 | Crear | Villager (Male) |
| 16:52 | Crear | Villager (Male) |
| 16:52 | Crear | Villager (Male) |
| 16:53 | Crear | Villager (Male) |
| 16:53 | Crear | Villager (Male) |
| 17:18 | Edad | Edad de los Castillos |
| 18:16 | Construir | Town Center |
| 18:23 | Crear | Steppe Lancer |
| 18:24 | Crear | Steppe Lancer |
| 18:34 | Investigar | Chain Barding Armor |
| 18:35 | Investigar | Iron Casting |
| 18:48 | Crear | Villager (Male) |
| 18:48 | Crear | Villager (Male) |
| 18:53 | Crear | Villager (Male) |
| 18:54 | Crear | Villager (Male) |
| 18:54 | Crear | Villager (Male) |
| 19:55 | Investigar | Hand Cart |
| 19:59 | Crear | Villager (Male) |
| 19:59 | Crear | Villager (Male) |
| 20:46 | Construir | Town Center |
| 20:51 | Construir | Monastery |
| 20:54 | Construir | University |
| 21:43 | Crear | Steppe Lancer |
| 21:43 | Crear | Steppe Lancer |
| 21:43 | Crear | Steppe Lancer |
| 21:59 | Crear | Villager (Male) |
| 21:59 | Crear | Villager (Male) |
| 21:59 | Crear | Villager (Male) |
| 22:53 | Investigar | Imperial Age |
| 22:57 | Investigar | Town Patrol |
| 23:04 | Crear | Villager (Male) |
| 23:04 | Crear | Villager (Male) |
| 23:18 | Crear | Villager (Male) |
| 23:19 | Crear | Villager (Male) |
| 23:27 | Crear | Monk |
| 23:31 | Investigar | Fervor |
| 23:32 | Investigar | Sanctity |
| 24:44 | Construir | House |
| 24:45 | Construir | House |
| 24:47 | Construir | House |
| 24:51 | Construir | House |
| 24:52 | Construir | House |
| 24:58 | Crear | Villager (Male) |
| 24:58 | Crear | Villager (Male) |
| 24:59 | Crear | Villager (Male) |
| 24:59 | Crear | Villager (Male) |
| 24:59 | Crear | Villager (Male) |
| 24:59 | Crear | Villager (Male) |
| 25:00 | Crear | Villager (Male) |
| 25:18 | Investigar | Murder Holes |
| 25:21 | Investigar | Ballistics |
| 25:46 | Crear | Camel Scout |
| 25:47 | Crear | Knight |
| 25:49 | Crear | Knight |
| 25:50 | Crear | Steppe Lancer |
| 25:56 | Investigar | Fletching |
| 26:03 | Edad | Edad Imperial |
| 26:04 | Crear | Villager (Male) |
| 26:04 | Crear | Villager (Male) |
| 26:04 | Crear | Villager (Male) |
| 26:04 | Crear | Villager (Male) |
| 26:05 | Crear | Villager (Male) |
| 26:46 | Construir | Castle |
| 27:01 | Construir | House |
| 27:01 | Construir | House |
| 27:01 | Construir | House |
| 27:02 | Construir | House |
| 27:02 | Construir | House |
| 27:02 | Construir | House |
| 27:03 | Construir | House |
| 27:03 | Construir | House |
| 27:03 | Construir | House |
| 27:04 | Construir | House |
| 27:22 | Crear | Villager (Male) |
| 27:22 | Crear | Villager (Male) |
| 27:23 | Crear | Villager (Male) |
Build order — Bubson4616
Primeras 150 de 182 acciones detectadas
| 0:16 | Crear | Villager (Male) |
| 0:16 | Investigar | Loom |
| 0:39 | Construir | House |
| 0:59 | Crear | Villager (Male) ×3 |
| 2:24 | Construir | House |
| 2:25 | Construir | House |
| 2:29 | Crear | Villager (Male) |
| 3:17 | Crear | Villager (Male) ×2 |
| 3:50 | Construir | Lumber Camp |
| 3:58 | Crear | Villager (Male) ×2 |
| 4:42 | Crear | Villager (Male) |
| 5:25 | Construir | Mill |
| 5:38 | Crear | Villager (Male) |
| 6:07 | Crear | Villager (Male) |
| 8:16 | Construir | Palisade Wall |
| 8:21 | Investigar | Feudal Age |
| 9:09 | Construir | House |
| 9:10 | Construir | House |
| 9:18 | Construir | House |
| 10:09 | Construir | Mining Camp |
| 10:28 | Crear | Villager (Male) |
| 10:59 | Construir | Town Center |
| 11:16 | Construir | House |
| 11:32 | Crear | Villager (Male) |
| 11:32 | Crear | Villager (Male) |
| 12:34 | Crear | Villager (Male) |
| 12:34 | Crear | Villager (Male) |
| 12:43 | Investigar | Horse Collar |
| 13:28 | Construir | Farm |
| 13:29 | Construir | Farm |
| 13:30 | Construir | Farm |
| 13:42 | Crear | Villager (Male) |
| 14:10 | Construir | Farm |
| 14:12 | Crear | Villager (Male) |
| 14:49 | Crear | Villager (Male) |
| 14:50 | Crear | Villager (Male) |
| 15:17 | Crear | Villager (Male) |
| 15:20 | Construir | Farm |
| 15:25 | Construir | Farm |
| 15:34 | Crear | Villager (Male) |
| 15:51 | Construir | Farm |
| 15:57 | Crear | Villager (Male) |
| 16:05 | Construir | Farm |
| 16:23 | Crear | Villager (Male) |
| 16:23 | Crear | Villager (Male) |
| 16:34 | Construir | Farm |
| 16:42 | Investigar | Wheelbarrow |
| 16:54 | Construir | Farm |
| 17:08 | Crear | Villager (Male) |
| 17:09 | Crear | Villager (Male) |
| 17:50 | Investigar | Double-Bit Axe |
| 18:08 | Crear | Villager (Male) |
| 18:08 | Crear | Villager (Male) |
| 18:22 | Construir | Blacksmith |
| 18:35 | Crear | Villager (Male) |
| 18:36 | Crear | Villager (Male) |
| 18:56 | Construir | Blacksmith |
| 19:17 | Construir | Barracks |
| 19:39 | Construir | Mining Camp |
| 20:07 | Construir | Stable |
| 20:17 | Crear | Villager (Male) |
| 20:18 | Crear | Villager (Male) |
| 20:39 | Construir | House |
| 20:41 | Construir | House |
| 20:41 | Construir | House |
| 20:42 | Construir | House |
| 20:42 | Construir | House |
| 20:44 | Construir | House |
| 20:44 | Construir | House |
| 20:44 | Construir | House |
| 21:01 | Investigar | Castle Age |
| 21:25 | Construir | Farm |
| 21:31 | Construir | Farm |
| 21:34 | Construir | Farm |
| 21:35 | Construir | Farm |
| 21:44 | Crear | Villager (Male) |
| 21:44 | Crear | Villager (Male) |
| 22:19 | Construir | Archery Range |
| 22:38 | Crear | Villager (Male) |
| 22:38 | Crear | Villager (Male) |
| 22:47 | Investigar | Scale Barding Armor |
| 22:47 | Investigar | Forging |
| 22:49 | Investigar | Fletching |
| 23:46 | Construir | Town Center |
| 23:54 | Construir | Town Center |
| 24:04 | Crear | Skirmisher ×5 |
| 24:10 | Crear | Villager (Male) ×5 |
| 24:17 | Investigar | Bow Saw |
| 24:41 | Investigar | Heavy Plow |
| 25:02 | Crear | Villager (Male) ×4 |
| 25:55 | Construir | Town Center |
| 25:58 | Crear | Villager (Male) ×5 |
| 26:09 | Construir | Farm |
| 26:11 | Construir | Farm |
| 26:25 | Crear | Villager (Male) ×5 |
| 26:51 | Construir | Farm |
| 26:52 | Construir | Farm |
| 26:52 | Construir | Farm |
| 26:52 | Construir | Farm |
| 26:53 | Construir | Farm |
| 26:53 | Construir | Farm |
| 26:54 | Construir | Farm |
| 26:54 | Construir | Farm |
| 27:17 | Crear | Villager (Male) ×5 |
| 27:18 | Crear | Villager (Male) ×5 |
| 27:49 | Construir | Town Center |
| 27:53 | Crear | Villager (Male) ×4 |
| 28:05 | Construir | Farm |
| 28:06 | Construir | Farm |
| 28:12 | Construir | Farm |
| 28:15 | Construir | Farm |
| 28:35 | Crear | Knight ×2 |
| 28:40 | Crear | Spearman ×5 |
| 28:45 | Construir | Farm |
| 28:53 | Crear | Villager (Male) |
| 29:15 | Construir | Farm |
| 29:19 | Construir | Farm |
| 29:21 | Construir | Farm |
| 29:23 | Construir | Farm |
| 29:26 | Construir | Farm |
| 29:28 | Construir | Farm |
| 29:32 | Construir | Farm |
| 29:34 | Construir | Farm |
| 29:38 | Construir | Farm |
| 29:57 | Investigar | Chain Barding Armor |
| 29:57 | Investigar | Forging |
| 30:00 | Investigar | Padded Archer Armor |
| 30:20 | Construir | Farm |
| 30:25 | Construir | Farm |
| 30:27 | Construir | Farm |
| 30:29 | Construir | Farm |
| 30:30 | Construir | Farm |
| 31:05 | Crear | Knight ×3 |
| 32:07 | Investigar | Hand Cart |
| 32:20 | Construir | Castle |
| 32:27 | Crear | Villager (Male) ×5 |
| 32:36 | Investigar | Gold Mining |
| 32:37 | Investigar | Stone Mining |
| 32:44 | Construir | Lumber Camp |
| 32:58 | Crear | Villager (Male) ×5 |
| 33:13 | Construir | Mining Camp |
| 33:51 | Crear | Villager (Male) ×5 |
| 34:01 | Construir | Farm |
| 34:02 | Construir | Farm |
| 34:08 | Construir | Farm |
| 34:10 | Construir | Farm |
| 34:12 | Construir | Farm |
| 34:52 | Crear | Villager (Male) ×5 |
| 34:53 | Crear | Villager (Male) ×5 |
| 35:15 | Investigar | Imperial Age |
Build order — Ping_Pong
Primeras 150 de 294 acciones detectadas
| 0:32 | Construir | House |
| 0:35 | Investigar | Loom |
| 0:35 | Crear | Villager (Male) |
| 0:36 | Crear | Villager (Male) |
| 0:36 | Crear | Villager (Male) |
| 0:36 | Crear | Villager (Male) |
| 0:36 | Crear | Villager (Male) |
| 0:45 | Construir | House |
| 0:47 | Construir | House |
| 0:48 | Construir | House |
| 2:23 | Crear | Villager (Male) |
| 2:23 | Crear | Villager (Male) |
| 2:26 | Crear | Villager (Male) |
| 3:05 | Construir | Mill |
| 3:14 | Crear | Villager (Male) |
| 4:00 | Crear | Villager (Male) |
| 4:34 | Crear | Villager (Male) |
| 4:35 | Crear | Villager (Male) |
| 5:37 | Crear | Villager (Male) |
| 6:17 | Crear | Villager (Male) |
| 6:18 | Crear | Villager (Male) |
| 6:18 | Crear | Villager (Male) |
| 6:19 | Crear | Villager (Male) |
| 6:19 | Crear | Villager (Male) |
| 6:56 | Crear | Villager (Male) |
| 7:31 | Crear | Villager (Male) |
| 8:02 | Crear | Villager (Male) |
| 8:12 | Crear | Villager (Male) |
| 8:44 | Crear | Villager (Male) |
| 9:25 | Crear | Villager (Male) |
| 9:32 | Construir | Mining Camp |
| 9:38 | Construir | Lumber Camp |
| 10:36 | Construir | Barracks |
| 10:49 | Construir | House |
| 10:50 | Construir | House |
| 10:53 | Construir | House |
| 10:54 | Construir | House |
| 10:55 | Construir | House |
| 10:56 | Construir | House |
| 11:21 | Investigar | Feudal Age |
| 12:02 | Construir | Mining Camp |
| 13:31 | Edad | Edad Feudal |
| 13:34 | Investigar | Wheelbarrow |
| 13:38 | Investigar | Double-Bit Axe |
| 13:44 | Investigar | Stone Mining |
| 13:50 | Investigar | Horse Collar |
| 13:58 | Construir | Archery Range |
| 14:49 | Construir | Market |
| 15:04 | Construir | Farm |
| 15:12 | Crear | Villager (Male) ×4 |
| 15:22 | Construir | Farm |
| 15:32 | Construir | Farm |
| 15:44 | Construir | Farm |
| 16:07 | Crear | Villager (Male) |
| 16:13 | Construir | Farm |
| 16:14 | Construir | Farm |
| 16:47 | Construir | Farm |
| 16:49 | Construir | Farm |
| 16:51 | Construir | Farm |
| 16:54 | Construir | Farm |
| 17:10 | Crear | Villager (Male) |
| 17:10 | Crear | Villager (Male) |
| 17:35 | Construir | House |
| 17:36 | Construir | House |
| 17:37 | Construir | House |
| 17:39 | Construir | House |
| 17:41 | Construir | House |
| 17:42 | Construir | House |
| 17:43 | Construir | House |
| 17:45 | Construir | House |
| 17:46 | Construir | House |
| 17:47 | Construir | House |
| 17:49 | Construir | House |
| 17:51 | Construir | House |
| 17:52 | Construir | House |
| 17:54 | Construir | House |
| 17:56 | Construir | House |
| 17:57 | Construir | House |
| 17:59 | Construir | House |
| 18:36 | Construir | Blacksmith |
| 19:39 | Construir | Farm |
| 19:40 | Construir | Farm |
| 19:43 | Construir | Farm |
| 19:44 | Construir | Farm |
| 19:47 | Construir | Farm |
| 19:51 | Construir | Farm |
| 19:52 | Construir | Farm |
| 19:53 | Construir | Farm |
| 20:06 | Construir | Farm |
| 20:07 | Construir | Farm |
| 20:08 | Construir | Farm |
| 20:09 | Construir | Farm |
| 20:09 | Construir | Farm |
| 20:10 | Construir | Farm |
| 20:10 | Construir | Farm |
| 20:11 | Construir | Farm |
| 20:12 | Construir | Farm |
| 20:12 | Construir | Farm |
| 21:11 | Investigar | Castle Age |
| 23:01 | Investigar | Forging |
| 23:04 | Investigar | Scale Mail Armor |
| 23:51 | Edad | Edad de los Castillos |
| 23:52 | Investigar | Hand Cart |
| 24:00 | Construir | Town Center |
| 24:22 | Construir | Castle |
| 24:30 | Crear | Villager (Male) ×5 |
| 24:44 | Construir | Town Center |
| 25:00 | Investigar | Stone Shaft Mining |
| 25:17 | Crear | Villager (Male) ×5 |
| 25:26 | Investigar | Heavy Plow |
| 25:50 | Investigar | Bow Saw |
| 26:33 | Construir | Farm |
| 26:47 | Construir | Lumber Camp |
| 26:53 | Crear | Villager (Male) ×5 |
| 27:01 | Construir | Lumber Camp |
| 27:05 | Crear | Villager (Male) ×5 |
| 27:09 | Crear | Villager (Male) ×5 |
| 27:14 | Construir | Farm |
| 28:11 | Construir | Town Center |
| 28:34 | Crear | Villager (Male) |
| 28:36 | Crear | Villager (Male) ×5 |
| 28:40 | Crear | Villager (Male) ×5 |
| 28:48 | Crear | Villager (Male) |
| 28:48 | Crear | Villager (Male) |
| 28:52 | Crear | Villager (Male) |
| 28:56 | Crear | Villager (Male) |
| 29:07 | Crear | Villager (Male) |
| 29:22 | Construir | Farm |
| 29:23 | Construir | Farm |
| 29:24 | Construir | Farm |
| 29:25 | Construir | Farm |
| 29:27 | Construir | Farm |
| 29:29 | Construir | Farm |
| 29:30 | Construir | Farm |
| 29:31 | Construir | Farm |
| 29:32 | Construir | Farm |
| 29:34 | Construir | Farm |
| 29:56 | Construir | Town Center |
| 30:15 | Construir | Farm |
| 30:17 | Construir | Farm |
| 30:18 | Construir | Farm |
| 30:19 | Construir | Farm |
| 30:21 | Construir | Farm |
| 30:24 | Construir | Farm |
| 30:38 | Construir | Farm |
| 30:40 | Construir | Farm |
| 30:41 | Construir | Farm |
| 30:42 | Construir | Farm |
| 30:53 | Construir | Farm |
| 31:00 | Construir | Farm |
Cronología de la partida
| 8:16 | Bubson4616 · wall_segment Palisade Wall x46 |
| 10:28 | abralv · age_up feudal |
| 10:36 | Ping_Pong · first_building Barracks |
| 11:02 | tbogwald · first_building Barracks |
| 11:21 | abralv · first_building Barracks |
| 12:16 | tbogwald · age_up feudal |
| 12:45 | 07jriley · age_up feudal |
| 13:24 | 圖表大師 · age_up feudal |
| 13:31 | Ping_Pong · age_up feudal |
| 13:58 | Ping_Pong · first_building Archery Range |
| 15:23 | tbogwald · first_building Stable |
| 15:34 | abralv · first_building Stable |
| 16:13 | 07jriley · wall_segment Palisade Wall x1 |
| 16:50 | 07jriley · age_up castle |
| 16:50 | 07jriley · first_market_buy 100 wood |
| 17:15 | 07jriley · first_market_sell 100 food |
| 17:18 | abralv · age_up castle |
| 18:04 | 圖表大師 · age_up castle |
| 18:19 | 07jriley · first_building Castle |
| 19:17 | Bubson4616 · first_building Barracks |
| 20:07 | Bubson4616 · first_building Stable |
| 20:11 | 圖表大師 · first_building Castle |
| 20:51 | abralv · first_building Monastery |
| 22:19 | Bubson4616 · first_building Archery Range |
| 22:26 | 07jriley · first_building Barracks |
| 23:02 | 圖表大師 · first_building Barracks |
| 23:51 | Ping_Pong · age_up castle |
| 24:22 | Ping_Pong · first_building Castle |
| 26:03 | abralv · age_up imperial |
| 26:46 | abralv · first_building Castle |
| 27:52 | 07jriley · first_building Monastery |
| 27:57 | 07jriley · first_building Siege Workshop |
| 28:20 | tbogwald · age_up castle |
| 29:01 | abralv · first_building Archery Range |
| 29:39 | 07jriley · age_up imperial |
| 29:46 | 圖表大師 · first_market_buy 100 food |
| 30:02 | 圖表大師 · first_building Siege Workshop |
| 32:20 | Bubson4616 · first_building Castle |
| 32:59 | 圖表大師 · age_up imperial |
| 33:18 | tbogwald · first_building Castle |
| 33:38 | 圖表大師 · first_building Archery Range |
| 35:52 | Ping_Pong · first_market_sell 100 wood |
| 37:06 | 圖表大師 · tribute_sent a jugador 2 |
| 37:06 | 圖表大師 · tribute_sent a jugador 3 |
| 37:06 | 圖表大師 · tribute_sent a jugador 4 |
| 37:06 | 圖表大師 · tribute_sent a jugador 5 |
| 37:06 | 圖表大師 · tribute_sent a jugador 6 |
| 37:59 | Ping_Pong · first_building Siege Workshop |
| 38:33 | abralv · first_building Siege Workshop |
| 39:06 | Ping_Pong · age_up imperial |
| 40:50 | Bubson4616 · resign |
[ ANÁLISIS IA · 1 CRÉDITO ]
¿Qué pasó realmente en esta partida?
Wolo.gg analiza cada decisión: build order, eco, micro, errores típicos por bracket. Análisis personalizado por WhatsApp o Discord en 30 segundos.
Guía civ
Japoneses
Guía mapa
Aftermath
Perfil
07jriley